 Dungeon Crawl Stone Soup version 0.21.1-1-g345015f (webtiles) character file.

155 shakethe the Skirmisher (level 5, -7/42 HPs)
             Began as a Demonspawn Fighter on Feb 21, 2018.
             Mangled by an iguana (11 damage)
             ... on level 3 of the Dungeon.
             The game lasted 00:02:35 (2191 turns).

shakethe the Skirmisher (Demonspawn Fighter)        Turns: 2191, Time: 00:02:35

Health: -7/42      AC: 10    Str: 21    XL:     5   Next: 14%
Magic:  5/5        EV:  7    Int: 11    God:
Gold:   63         SH:  9    Dex: 12    Spells: 4/4 levels left

rFire    . . .     SeeInvis .   a - +0 war axe
rCold    . . .     Gourm    .   c - +0 shield
rNeg     . . .     Faith    +   b - +0 scale mail
rPois    .         Spirit   .   p - +0 helmet
rElec    .         Reflect  .   (no cloak)
rCorr    .         Harm     .   (no gloves)
MR       .....                  (no boots)
Stlth    ..........             o - amulet of faith {Faith, !P}
HPRegen  0.14/turn              (no ring)
MPRegen  0.09/turn              (no ring)

@: mighty, lethally poisoned (-7 -> -11)
A: icy blue scales 1, rot immunity
a: no special abilities


You were on level 3 of the Dungeon.
You were hungry.

You visited 1 branch of the dungeon, and saw 4 of its levels.

You collected 63 gold pieces.

Inventory:

Hand Weapons
 a - a +0 war axe (weapon)
Armour
 b - a +0 scale mail (worn)
 c - a +0 shield (worn)
 p - a +0 helmet (worn)
   (You took it off Robin on level 2 of the Dungeon)
Jewellery
 o - an amulet of faith (around neck) {Faith, !P}
   (You found it on level 2 of the Dungeon)
Wands
 h - a wand of random effects (38)
   (You found it on level 2 of the Dungeon)
Scrolls
 e - a scroll of teleportation {unknown}
 g - 2 scrolls of amnesia {unknown}
 i - a scroll of noise {unknown}
 j - 2 scrolls of identify {unknown}
 m - a scroll of blinking {unknown}
Potions
 l - 2 potions of curing {unknown}
 n - a potion of resistance {unknown}
 q - a potion of agility {unknown}
 r - a potion of haste {unknown}
Comestibles
 f - 6 rations
 k - 2 chunks of flesh {@w0@w0}


   Skills:
 + Level 4.1 Fighting
 + Level 3.1 Axes
 + Level 3.7 Armour
 - Level 2.7 Shields


You had 4 spell levels left.
You didn't know any spells.

Dungeon Overview and Level Annotations

Branches:
Dungeon (4/15)
 Temple: D:4-7

Altars:


Innate Abilities, Weirdness & Mutations

You are partially covered in icy blue scales. (AC +2)
You are immune to rotting.


Message History

No target in view!
No target in view!
No target in view!
No target in view!
No target in view!
Done exploring.
Done exploring.
Done exploring.
There is a stone staircase leading down here.
You climb downwards.
A bullfrog skeleton comes into view.
Found a whip, a bubbling golden potion and a tapered wooden wand.
Found a stone staircase leading down.
There is a stone staircase leading up here.
The bullfrog skeleton barely misses you.
You hit the bullfrog skeleton. The bullfrog skeleton hits you.
You block the bullfrog skeleton's attack.
You take 3 damage, and have 34/37 hp.
You slash the bullfrog skeleton!
The bullfrog skeleton hits you but does no damage.
The bullfrog skeleton hits you.
You take 3 damage, and have 31/37 hp.
You slash the bullfrog skeleton!
The bullfrog skeleton closely misses you.
You barely miss the bullfrog skeleton.
The bullfrog skeleton hits you but does no damage.
You block the bullfrog skeleton's attack.
You slash the bullfrog skeleton!
You block the bullfrog skeleton's attack.
The bullfrog skeleton hits you but does no damage.
You hit the bullfrog skeleton.
You destroy the bullfrog skeleton!
You have reached level 5!
Your demonic ancestry asserts itself...
You feel immune to rotting.
You regained 5 hp, and now have 36/42 hp.
MP restored: 5 An iguana and a gnoll come into view.
The gnoll shouts!
The iguana hisses angrily.
A worker ant and a gnoll come into view.
The gnoll shouts!
You hear a shout! 2 gnolls come into view.
The gnoll shouts!
The worker ant bites you but does no damage.
You block the iguana's attack.
You completely miss the iguana. You hit the worker ant.
You block the worker ant's attack. The iguana bites you.
The worker ant barely misses you.
The iguana bites you but does no damage.
You closely miss the worker ant. You hit the gnoll.
You closely miss the iguana.
You are feeling hungry.
The worker ant bites you but does no damage.
You block the gnoll's attack. The iguana barely misses you.
The worker ant bites you but does no damage.
You take 4 damage, and have 33/42 hp.
You hit the worker ant. You hit the gnoll but do no damage.
You barely miss the iguana. The gnoll hits you with a flail.
You block the gnoll's attack. You block the worker ant's attack.
The gnoll hits you from afar with a halberd!
The iguana bites you. The gnoll completely misses you.
You block the gnoll's attack. The worker ant barely misses you.
The gnoll hits you from afar with a halberd.
The iguana bites you but does no damage.
You are too injured to fight recklessly!
You are too injured to fight recklessly!
You are too injured to fight recklessly!
You take 16 damage, and have 17/42 hp.
MASSIVE DAMAGE!!
The gnoll hits you but does no damage. x2
The gnoll hits you with a halberd. The worker ant bites you.
The gnoll closely misses you.
You take 3 damage, and have 14/42 hp.
You block the gnoll's attack.
The worker ant bites you but does no damage.
There is a stone staircase leading up here.
The worker ant bites you.
* * * LOW HITPOINT WARNING * * *
The iguana completely misses you.
You climb upwards.
There is a stone staircase leading down here.
You take 3 damage, and have 11/42 hp.
Sorry, you're not good enough to have a special ability.
You feel very mighty all of a sudden. The worker ant barely misses you.
The iguana bites you but does no damage.
The worker ant bites you but does no damage.
You closely miss the worker ant. You hit the iguana.
The worker ant barely misses you. You block the iguana's attack.
You hit the worker ant. You hit the iguana.
The worker ant bites you but does no damage.
You block the iguana's attack. The worker ant bites you.
* * * LOW HITPOINT WARNING * * *
You are lethally poisoned!
The worker ant poisons you! You block the iguana's attack.
You take 6 damage, and have 5/42 hp.
You slash the worker ant! You hit the iguana but do no damage.
* * * LOW HITPOINT WARNING * * *
You feel sick. You block the worker ant's attack. The iguana bites you!
You die...

#.###.###<#..##.####.#.###
#.##.## ##)..##.####.#....
#.#.## ##..##...........
#...# #......###.##...
###.## ##.#....###.##...
##.## ##........##<##.#.
##.###.#.............#.
##..a##..........####.
#....@###....##### ##
#.###l# #....# #.# #.#
##.#.# # #.###.# #.#.# #
#.....# #.#.#########
#.##### ##............ #.#
#............# #.#
#.###.#####..# #.# #.# #.#
#..#


You could see an iguana and a worker ant.

Vanquished Creatures
  A bullfrog skeleton (D:4)
  Robin (D:2)
  3 adders (D:2)
  An ooze (D:2)
  3 worms
  2 dart slugs (D:1)
  A leopard gecko (D:2)
  2 orcs (D:3)
  4 giant cockroaches
  15 goblins
  10 hobgoblins
  A quokka (D:3)
  3 ball pythons
  4 bats
  7 frilled lizards
  4 kobolds
  7 rats
69 creatures vanquished.

Notes
Turn   | Place    | Note
-------+----------+-------------------------------------------
     0 | D:1      | shakethe the Demonspawn Fighter began the quest for the Orb.
     0 | D:1      | Reached XP level 1. HP: 18/18 MP: 1/1
   210 | D:1      | Reached skill level 2 in Axes
   223 | D:1      | Gained mutation: You are partially covered in icy blue scales. (AC +2) [demonic ancestry]
   223 | D:1      | Reached XP level 2. HP: 20/24 MP: 2/2
   390 | D:1      | Reached skill level 3 in Armour
   798 | D:2      | Reached XP level 3. HP: 22/29 MP: 3/3
  1149 | D:2      | Reached XP level 4. HP: 27/37 MP: 4/4
  1470 | D:2      | Noticed Robin
  1484 | D:2      | Killed Robin
  1643 | D:3      | Reached skill level 4 in Fighting
  1938 | D:3      | Reached skill level 3 in Axes
  2169 | D:4      | Gained mutation: You are immune to rotting. [demonic ancestry]
  2169 | D:4      | Reached XP level 5. HP: 36/42 MP: 5/5
  2190 | D:3      | HP: 5/42 [worker ant (6)]
  2191 | D:3      | Mangled by an iguana

Skill      XL: |  1  2  3  4 |
---------------+-------------+-----
Axes           | 2 3 |  3.1
Armour         | 3 |  3.7
Fighting       | 4 |  4.1
Shields        | |  2.7

Action                   |  1- 3 |  4- 6 || total
-------------------------+-------+-------++-------
Melee: War axe           |   122 |    82 ||   204
  Use: Potion            |       |     1 ||     1
  Eat: Chunk             |     1 |     3 ||     4
Armor: Scale mail        |    62 |    62 ||   124
Dodge: Dodged            |    34 |    32 ||    66
Block: Shield            |    65 |    47 ||   112

Vault maps used:
D:1:      kennysheep_arrival_forest, minmay_surrounded
D:2:      first_ration, uniq_robin
D:4:      uniq_eustachio

Table legend:
 A = Turns spent in this place as a percentage of turns spent in the entire game.
 B = Non-inter-level travel turns spent in this place as a percentage of non-inter-level travel turns spent in the entire game.
 C = Inter-level travel turns spent in this place as a percentage of turns spent in this place.
 D = Turns resting spent in this place as a percentage of non-inter-level travel turns spent in this place.
 E = Turns spent auto-exploring this place as a percentage of non-inter-level travel turns spent in this place.
 F = Non-inter-level travel turns spent in this place divided by the number of levels of this place that you've seen.
                   A       B       C       D       E      F
               +-------+-------+-------+-------+-------+----------------------
         Total | 100.0 | 100.0 |   3.0 |   8.1 |  71.0 | 531.2
       Dungeon | 100.0 | 100.0 |   3.0 |   8.1 |  71.0 | 531.2
               +-------+-------+-------+-------+-------+----------------------

Table legend:
 A = Kills in this place as a percentage of kills in entire the game.
 B = Kills by you in this place as a percentage of kills by you in the entire game.
 C = Kills by friends in this place as a percentage of kills by friends in the entire game.
 D = Other kills in this place as a percentage of other kills in the entire game.
 E = Experience gained in this place as a percentage of experience gained in the entire game.
 F = Experience gained in this place divided by the number of levels of this place that you have seen.
                   A       B       C       D       E      F
               +-------+-------+-------+-------+-------+----------------------
         Total | 100.0 | 100.0 |   N/A |   N/A | 100.0 |  55.5
       Dungeon | 100.0 | 100.0 |   N/A |   N/A | 100.0 |  55.5
               +-------+-------+-------+-------+-------+----------------------
